 BcadrenCrawl: Boulder Brew version 0.04.2-3-g40356c7de1 (webtiles) character file.

Game seed: 10016769089140812447, levelgen mode: deterministic

64 gruber the Chopper (level 4, -2/35 HPs) Hill Orc Demonspawn. Began on Apr 27, 2021. Slain by a crocodile (13 damage) ... on level 1 of the Dungeon. The game lasted 00:01:40 (537 turns).

gruber the Chopper (Hill Orc Demonspawn)             Turns: 537, Time: 00:01:41

Health: -2/35      AC:  6    Str: 17    XL:     4 ^: 73
Magic:  6/6        EV: 12    Int: 12    God:
Gold:   62         SH:  0    Dex: 10    Spells: 4/5 levels left

rFire    + . .     Vision   .   a - +0 war axe
rCold    . . .     Gourm    .   (no weapon)
rNeg     . . .     Faith    .   b - +0 leather armour
rPois    .         Spirit   .   f - +0 helmet
rElec    .         Reflect  .   (no cloak)
rCorr    .         Harm     .   (no gloves)
MR       .....                  (no boots)
Stlth    +.........             (no amulet)
HPRegen  0.21/turn              (no ring)
MPRegen  0.16/turn              (no ring)

@: studying Invocations
A: hooves 1, iridescent scales 1, fire resistance 1
a: no special abilities


You were on level 1 of the Dungeon.
You were not hungry.

You visited 1 branch of the dungeon, and saw 2 of its levels.

You collected 62 gold pieces.

Inventory:

Weapons
 a - a +0 war axe (weapon)
Armour
 b - a +0 leather armour (worn)
 f - a +0 helmet (worn)
Jewellery
 e - an uncursed amulet of rage
 g - an uncursed ring of dexterity
Scrolls
 h - a scroll of summoning
Potions
 c - 2 potions of curing
Comestibles
 d - 3 rations


   Skills:
 - Level 1.2 Fighting
 + Level 5.3 Axes & Hammers
 - Level 2.4 Dodging
 - Level 1.5 Stealth
 - Level 1.0 Spellcasting
 - Level 2.1 Fire Magic
 - Level 3.6 Invocations


You had 4 spell levels left.
You knew the following spells:

 Your Spells              Type           Power        Failure   Level  Hunger
a - Flame Tongue          Fire           5 (30)       14%         1    ##.....

Your spell library contained the following spells:

 Spells                   Type           Power        Failure   Level  Hunger
 Conjure Flame            Fire           5 (100)      38%         3    ####...
 Blink                    Tloc           N/A          45%         2    ###....
 Call Imp                 Summ           0 (100)      45%         2    ###....
 Slow                     Hex            0 (100)      45%         2    ###....
 Mephitic Cloud           Pois/Air       0 (100)      69%         3    ####...


Dungeon Overview and Level Annotations

Branches:
Dungeon (2/8)

Altars:


Innate Abilities, Weirdness & Mutations

You have large cloven feet.
You are partially covered in iridescent scales. (AC +2)
You are heat resistant. (rF+)


Message History

You barely miss the crocodile. You closely miss the crocodile.
The crocodile closely misses you (0). The crocodile blocks your attack.
You hit the crocodile but do no damage.
The crocodile is healthy. (28/28) HP The crocodile bites you but does no damage.
Unknown command.
You hit the crocodile (5). You hit the crocodile but do no damage.
You kick the crocodile (5).
The crocodile is moderately wounded. (18/28) HP The crocodile bites you (12)!
Unknown command.
You are too injured to fight recklessly!
Unknown command.
You are too injured to fight recklessly!
Unknown command.
You slash the crocodile (13)! You hit the crocodile but do no damage.
You kick the crocodile (3).
The crocodile is almost dead. (2/28) HP The crocodile barely misses you (0).
The crocodile bites you (13)!
You die...

.................................
......##.######.##.#.#.#####....†
.....###....###..#.#.#.#####....[
.....###...........#.....[.......
.............÷.........##........
...###...............#.....#..#..
##.# ##..).!...###.#.........##..
##.# #......#####......###...#..
..[# #......###@≈.#.#..####...##
#..####........≈≈t.#.##..###.#...
#........[....###................
....###.......###......##......##
.............................####
†#............###.######.....####
.#.####.##..####†.# ###..........
##........#.####)####........#...
.#..#####......#......#.#####..##


You could see a crocodile.

Vanquished Creatures
  A giant cockroach (D:1)
  A cinder newt (D:1)
  2 dart slugs (D:1)
  3 leopard geckos (D:1)
  6 goblins (D:1)
  6 hobgoblins (D:1)
  2 kobolds (D:1)
  4 bats (D:1)
  11 rats (D:1)
36 creatures vanquished.

Notes
Turn   | Place    | Note
-------+----------+-------------------------------------------
     0 | D:1      | gruber the Hill Orc Demonspawn began the quest for the Orb.
     0 | D:1      | Reached XP level 1. HP: 16/16 MP: 3/3
    55 | D:1      | Reached skill level 3 in Axes & Hammers
    81 | D:1      | Gained mutation: You are heat resistant. (rF+) [demonic
                  | ancestry]
    81 | D:1      | Reached XP level 2. HP: 23/23 MP: 4/4
   105 | D:1      | Reached skill level 4 in Axes & Hammers
   163 | D:1      | Gained mutation: You have large cloven feet. [demonic
                  | ancestry]
   163 | D:1      | Reached XP level 3. HP: 28/28 MP: 5/5
   295 | D:1      | Reached skill level 5 in Axes & Hammers
   331 | D:1      | Gained mutation: You are partially covered in iridescent
                  | scales. (AC +2) [demonic ancestry]
   331 | D:1      | Reached XP level 4. HP: 35/35 MP: 6/6
   531 | D:2      | Noticed a crocodile
   537 | D:1      | Slain by a crocodile

Levels and vault maps discovered:
D:1:      psy_arrival_conway, layout_rooms, minmay_rat_gold_closets
D:2:      minmay_bubble_buster, layout_sewer, overflow_temple_1_default,
          uniq_ijyb

Skill      XL: |  1  2  3 |
---------------+----------+-----
Axes & Hammers | 3 4 5 |  5.3
Fighting       | |  1.2
Dodging        | |  2.4
Stealth        | |  1.5
Spellcasting   | |  1.0
Fire Magic     | |  2.1
Invocations    | |  3.6

Action                   |  1- 3 |  4- 6 || total
-------------------------+-------+-------++-------
Melee: War axe           |    48 |     9 ||    57
       Unarmed           |    20 |     5 ||    25
       Kick              |     1 |     3 ||     4
 Stab: Sleeping          |     4 |       ||     4
Armor: Leather armour    |     6 |     1 ||     7
Dodge: Dodged            |    37 |     4 ||    41
